 Dungeon Crawl Stone Soup version 0.27.0-1-g7a089689b8 (webtiles) character file.

Game seed: 4532177479639015925

46 inmateoo the Insei (level 3, 0/18 HPs)
             Began as a Vine Stalker Transmuter on Aug 7, 2021.
             Killed by nerve-wracking pain
             ... invoked by an orc priest
              (10 damage)
             ... on level 2 of the Dungeon.
             The game lasted 00:02:16 (1779 turns).

inmateoo the Insei (Vine Stalker Transmuter)        Turns: 1779, Time: 00:02:16

Health: 0/18       AC:  2    Str: 12    XL:     3   Next: 68%
Magic:  0/7        EV: 12    Int: 14    God:
Gold:   74         SH:  0    Dex: 14    Spells: 3/7 levels left

rFire    . . .     SeeInvis .     - Unarmed
rCold    . . .     Faith    .   (no shield)
rNeg     . . .     Spirit   +   a - +0 robe
rPois    .         Reflect  .   (helmet currently unavailable)
rElec    .         Harm     .   (no cloak)
rCorr    .         Rampage  .   (no gloves)
Will     .....                  (boots currently unavailable)
Stlth    +.........             (no amulet)
HPRegen  0.06/turn              (no ring)
MPRegen  0.10/turn              (no ring)

@: appendages (expiring), wereblooded
A: horns 2, talons 2, fangs 2, magic shield, antimagic bite, no potion heal 2
a: End Transformation


You were on level 2 of the Dungeon.
You had temporarily grown beastly horns and talons.
You visited 1 branch of the dungeon, and saw 2 of its levels.

You collected 74 gold pieces.

Inventory:

Armour
 a - a +0 robe (worn)
Scrolls
 b - a scroll of identify {unknown}
 d - 2 scrolls of teleportation {unknown}
Potions
 c - a potion of berserk rage {unknown}
 e - a potion of haste {unknown}
 f - a potion of lignification {unknown}


   Skills:
 + Level 1.5 Fighting
 + Level 2.0 Dodging
 + Level 0.2 Stealth
 + Level 3.3 Unarmed Combat
 + Level 2.6 Spellcasting
 + Level 2.4 Transmutations


You had 3 spell levels left.
You knew the following spells:

 Your Spells              Type           Power      Damage    Failure   Level
a - Beastly Appendage     Tmut           16%        N/A       9%          1
b - Wereblood             Tmut           8%         N/A       12%         2
c - Foxfire               Conj/Fire      4%         2x1d4     22%         1

Your spell library contained the following spells:

 Spells                   Type           Power      Damage    Failure   Level
 Spider Form              Tmut/Pois      2%         N/A       38%         3
 Conjure Flame            Conj/Fire      1%         6-21      56%         3
 Inner Flame              Hex/Fire       1%         N/A       56%         3
 Ice Form                 Ice/Tmut       5%         N/A       80%         4


Dungeon Overview and Level Annotations

Branches:
Dungeon (2/15)

Altars:


Innate Abilities, Weirdness & Mutations

You have temporarily grown beastly horns and talons.
You have extremely sharp teeth.
When hurt, damage is shared between your health and your magic reserves.
Your bite disrupts and absorbs the magic of your enemies.
Potions cannot restore your health.


Message History

There is a stone staircase leading down here.
You start resting.
Your horns disappear.
Your talons disappear.
You start resting.
Magic restored.
You start resting.
HP restored.
You start waiting.
Done waiting.
You climb downwards.
There is a stone staircase leading up here.
You climb upwards.
There is a stone staircase leading down here.
Casting: Beastly Appendage (safe; 9% risk of failure)
Confirm with . or Enter, or press ? or * to list all spells.
You grow a pair of large bovine horns.
Your feet morph into talons.
Casting: Beastly Appendage (safe; 9% risk of failure)
Confirm with . or Enter, or press ? or * to list all spells.
Your blood is infused with primal strength.
You climb downwards.
The orc priest looks encouraged for a moment.
There is a stone staircase leading up here.
Things that are here:
a +0 leather armour; a +0 club; an orc corpse The orc priest hits you with a +0 short sword.
You hit the orc priest.
The orc priest is moderately wounded.
Your transformation is almost over.
The orc priest hits you with a +0 short sword.
You hit the orc priest. You claw the orc priest.
Your bite misses the orc priest.
The orc priest is heavily wounded.
The orc priest hits you with a +0 short sword.
You closely miss the orc priest. Your headbutt misses the orc priest.
You bite the orc priest, but do no damage.
The orc priest is heavily wounded.
The orc priest invokes the aid of Beogh against you.
Pain shoots through your body!
Ouch! That really hurt!
You die...

#.g.## ##....
#.#..# #.g##
#.##.# ##..#
#<##.#### ##.#
#.##....#### #.)
#.#####....# ###
#.########.### #
#o......##...###
#@#####........#
#.## ######.#.#
#.[###### .# ..
#.<.....# .. ..
#.#####... ## #
#.# #.# #.# #.#


You could see an orc priest.

Vanquished Creatures
  A dart slug (D:1)
  An orc (D:2)
  6 ball pythons
  2 bats (D:1)
  4 endoplasms
  2 giant cockroaches (D:2)
  6 goblins
  5 hobgoblins
  4 jackals (D:1)
  A kobold (D:1)
  A frilled lizard (D:1)
  2 rats (D:1)
35 creatures vanquished.

Vanquished Creatures (others)
  13 foxfires (D:1)
13 creatures vanquished.

Grand Total: 48 creatures vanquished

Notes
Turn   | Place    | Note
-------+----------+-------------------------------------------
     0 | D:1      | inmateoo the Vine Stalker Transmuter began the quest for
                  | the Orb.
     0 | D:1      | Reached XP level 1. HP: 9/9 MP: 4/4
    57 | D:1      | Reached skill level 1 in Fighting
   305 | D:1      | Reached XP level 2. HP: 9/14 MP: 6/6
   418 | D:1      | Learned a level 2 spell: Wereblood
   420 | D:1      | Learned a level 1 spell: Foxfire
   736 | D:1      | Reached XP level 3. HP: 16/18 MP: 3/7
  1779 | D:2      | Killed from afar by an orc priest

Illustrated notes

Levels and vault maps discovered:
D:1:      heliophobic_arrival_battle_scene, layout_basic, minmay_tromino_v2
D:2:      layout_rooms

Skill      XL: |  1  2  3 |
---------------+----------+-----
Fighting       | 1 |  1.5
Dodging        | 2 |  2.0
Stealth        | |  0.2
Unarmed Combat | |  3.3
Spellcasting   | |  2.6
Transmutations | |  2.4

Action                   || total
-------------------------++-------
Melee: Unarmed           ||    92
       Bite              ||    13
       Headbutt          ||     7
       Kick              ||    10
       Punch             ||     1
 Cast: Beastly Appendage ||    16
       Foxfire           ||     9
       Wereblood         ||     4
Armor: Robe              ||    24
Dodge: Dodged            ||    63
